cohdb
Replays
Latest Replays
All Replays
Popular Replays
Top Player Replays
Match Explorer
How It Works
Community
CoH3 Stats
Reddit
Sign in to upload your games and track your stats! →
Sign in with Steam
Match 40630174
Unlisted
Match 40630174
Overview
Messages
Build Orders
End
Selects Italian Combined Arms Battlegroup
Selects Bersaglieri Squad
Bersaglieri Squad
250 Light Carrier
Panzerpioneer Squad
250 Light Carrier
Construct Light Support Kompanie
Fire Support Elements
Bersaglieri Squad
Selects Bersaglieri Bolster
Flakvierling Half-track
Combat Half-tracks
Panzerjäger Squad
Pak 38 Mechanized Group
Selects Breda Model 30 Light Machine Guns
Construct Panzerarmee Kommand
Tungsten Core Ammunition
Flak 36 Anti-tank Gun Team
Advanced Optics
Selects Semovente da 75/18 Assault Gun
Emergency Repair Kits
Armored Reserves
Selects Strafing Run
Strafing Run
Tiger Heavy Tank
Panzerpioneer Squad
Strafing Run
Flak 36 Anti-tank Gun Team
Selects Artillery Cover
Strafing Run
Vehicle Survival Package
Strafing Run
Construct Mechanized Kompanie
18-tonne Recovery Half-track
Strafing Run
Artillery Cover
Veteran Squad Leaders
Artillery Cover
Rapid Advance
Advanced Field Repairs
Strafing Run
StuG Assault Group
JD89
Glasnost
人事已尽,天命难违
a1m$k3
Spriggan
Chungsan
Nolo
Coleslaw
0
0
Comments
sign in to comment!
No comments posted yet!